 Dungeon Crawl Stone Soup version 0.22.1-1-ga44c0e5 (webtiles) character file.

21 Lavandula the Chopper (level 2, -3/26 HPs)
             Began as a Centaur Berserker on Oct 29, 2018.
             Was a Follower of Trog.
             Slain by an adder (4 damage)
             ... on level 1 of the Dungeon.
             The game lasted 00:01:46 (241 turns).

Lavandula the Chopper (Centaur Berserker)            Turns: 241, Time: 00:01:47

Health: -3/26      AC:  5    Str: 20 (22) XL:     2   Next: 62%
Magic:  2/2        EV:  8    Int:  4 (6)  God:    Trog [*.....]
Gold:   32         SH:  0    Dex:  5 (8)  Spells: 1/1 levels left

rFire    . . .     SeeInvis .   a - +0 hand axe
rCold    . . .     Gourm    .   (no shield)
rNeg     . . .     Faith    .   d - +0 ring mail
rPois    .         Spirit   .   (no helmet)
rElec    .         Reflect  .   (no cloak)
rCorr    .         Harm     .   (no gloves)
MR       .....                  (no barding)
Stlth    ..........             (no amulet)
HPRegen  0.08/turn              k - +3 ring of strength
MPRegen  0.08/turn              (no ring)

@: lethally poisoned (-3 -> -12), berserk cooldown, slowed
A: large, hooves 3, deformed body, speed 2, tough skin 3
a: Berserk, Renounce Religion


You were on level 1 of the Dungeon.
You worshipped Trog.
Trog was aware of your devotion.
You were not hungry.

You visited 1 branch of the dungeon, and saw 4 of its levels.

You collected 32 gold pieces.

Inventory:

Hand Weapons
 a - a +0 hand axe (weapon)
Missiles
 e - 9 sling bullets
 i - 14 stones (quivered)
Armour
 b - a +0 animal skin
 d - a +0 ring mail (worn)
Jewellery
 k - a +3 ring of strength (left hand)
Scrolls
 g - a scroll of identify {unknown}
Comestibles
 c - a ration
 j - 2 chunks of flesh


   Skills:
 - Level 3.0 Fighting
 - Level 3.4 Axes
 + Level 1.0 Throwing
 - Level 1.3 Armour
 - Level 1.3 Dodging


You had one spell level left.
You didn't know any spells.
Your spell library was empty.

Dungeon Overview and Level Annotations

Branches:
Dungeon (4/15)
 Temple: D:4-7

Altars:

Annotations:
D:2 Terence


Innate Abilities, Weirdness & Mutations

You have hooves in place of feet.
Armour fits poorly on your strangely shaped body.
You cover ground very quickly.
You have extremely tough skin. (AC +3)


Message History

You feel sick.
Terence screams, "I'm going to kill you!"
The adder barely misses you. The adder closely misses you.
You climb upwards.
You feel sick. The goblin barely misses you. The goblin hits you with a dagger.
* * * LOW HITPOINT WARNING * * *
There is a stone staircase leading down here.
It was a potion of degeneration.
There was something very wrong with that liquid.
You feel weakened.
You feel dopey.
You feel clumsy. The adder bites you but does no damage.
The goblin hits you but does no damage. The adder bites you.
* * * LOW HITPOINT WARNING * * *
You are more poisoned.
The adder poisons you! The goblin hits you but does no damage.
Unknown command.
It was a potion of magic.
Magic courses through your body.
* * * LOW HITPOINT WARNING * * *
You feel sick. The adder bites you.
You die...

...............#
............#..#
......#†###...#### ######
.###...##.......##.....##
###..................#
########..........†.......
.................†........
##..######(.....g.........
###'### .......S@.........
#.....##.#................
.⌠(..⌠.###................
...8....##...............#
.⌠...⌠...###.....##.....##
.....†.....#...### ######
.#####.8.8.####
.#.<.#..8..# .##'##.8.8.#


You could see an adder and a goblin.

Vanquished Creatures
  A worm (D:2)
  A leopard gecko (D:2)
  2 bats
  A giant cockroach (D:1)
  3 goblins
  2 hobgoblins
  2 kobolds
  A frilled lizard (D:2)
  A rat (D:1)
14 creatures vanquished.

Notes
Turn   | Place    | Note
-------+----------+-------------------------------------------
     0 | D:1      | Lavandula the Centaur Berserker began the quest for the
                  | Orb.
     0 | D:1      | Reached XP level 1. HP: 19/19 MP: 1/1
   111 | D:2      | Reached XP level 2. HP: 11/26 MP: 2/2
   205 | D:2      | Reached skill level 1 in Throwing
   215 | D:2      | Noticed Terence
   241 | D:1      | HP: 1/26 [poisoned by an adder]
   241 | D:1      | Slain by an adder

Skill      XL: |  1  2 |
---------------+-------+-----
Axes           | 3 |  3.4
Throwing       | 1 |  1.0
Fighting       | |  3.0
Armour         | |  1.3
Dodging        | |  1.3

Action                   || total
-------------------------++-------
Melee: Hand axe          ||    34
       Kick              ||     5
Invok: Berserk           ||     1
  Use: Potion            ||     2
Armor: Ring mail         ||    15
       Animal skin       ||     4
Dodge: Dodged            ||    22
